Blackhawks vs Maple Leafs
(R1)
Created - 31 mars 2014 at 19:12
Goals
|
| Blackhawks |
0 |
1 |
1 |
2 |
| Maple Leafs |
0 |
2 |
2 |
4 |
|
Shots
|
| Blackhawks |
8 |
14 |
8 |
30 |
| Maple Leafs |
7 |
9 |
14 |
30 |
|
1st period
No Goal
Penalties :
Dustin Penner (Tor) for Delaying the game (Minor) at 5:15, Dominic Moore (Chi) for Slashing (Minor) at 13:14, Brendan Morrison (Tor) for Hooking (Minor) at 17:05, Paul Stastny (Tor) for Hooking (Minor) at 17:08
2nd period
1. Blackhawks , Steve Bernier 8 (John Carlson, Loui Eriksson) at 10:42 (PP)
2. Maple Leafs , Dustin Penner 20 (Claude Giroux, Braydon Coburn) at 16:53
3. Maple Leafs , Claude Giroux 52 (Robert Nilsson, Dion Phaneuf) at 18:25
Penalties :
Joe Corvo (Tor) for Tripping (Minor) at 1:53, Christian Ehrhoff (Chi) for Holding (Minor) at 5:54, Dion Phaneuf (Tor) for Hooking (Minor) at 9:49
3rd period
4. Blackhawks , Rene Bourque 27 (Kris Versteeg, Scott Gomez) at 0:10
5. Maple Leafs , Claude Giroux 53 (Alex Goligoski, Robert Nilsson) at 15:06 (PP)
6. Maple Leafs , Robert Nilsson 38 (Claude Giroux) at 19:37 (Empty Net)
Penalties :
Steve Bernier (Chi) for High sticking (Minor) at 0:46, Nils Ekman (Tor) for Hooking (Minor) at 7:18, Robert Nilsson (Tor) for Interference (Minor) at 10:27, Scott Gomez (Chi) for Tripping (Minor) at 14:50
Goalie Stats
Roberto Luongo (Chi), 26 saves from 29 shots - (0,897), L, 31-23-7, 59:27 minutes
Marc-André Fleury (Tor), 28 saves from 30 shots - (0,933), W, 28-23-3, 60:00 minutes
Players Stats for Blackhawks
Player Name G A P +/- PIM S H SB GA TA FO MP PP MP PK MP
------------------------------------------------------------------------------------
Brent Burns 0 0 0 0 0 0 2 1 1 2 0/0 29:19 6:25 2:51
Chris Campoli 0 0 0 -2 0 0 2 3 0 1 0/0 21:57 1:09 0:47
Christian Ehrhoff 0 0 0 -2 2 1 0 3 0 1 0/0 21:22 3:36 1:41
Colby Armstrong 0 0 0 0 0 2 0 0 1 0 1/1 11:22 1:57 3:24
Daniel Carcillo 0 0 0 0 0 1 1 0 0 0 0/0 7:36 0:26 1:14
Dominic Moore 0 0 0 -1 2 2 0 0 0 0 6/13 13:23 0:00 2:27
George Parros 0 0 0 0 0 2 2 0 0 0 1/1 12:16 0:09 0:00
Hnat Domenichelli 0 0 0 -1 0 0 1 0 1 1 1/1 11:12 0:00 0:15
Joe Sakic 0 0 0 -1 0 4 3 0 2 0 5/15 19:13 4:02 0:23
John Carlson 0 1 1 -1 0 0 0 0 0 0 0/0 9:14 7:28 0:00
Jordan Staal 0 0 0 0 0 1 0 0 0 0 0/1 9:18 0:59 2:11
Kris Versteeg 0 1 1 -1 0 2 0 0 3 1 2/2 21:07 5:54 1:20
Loui Eriksson 0 1 1 0 0 5 1 0 2 0 0/1 17:21 3:55 1:12
Rene Bourque 1 0 1 -1 0 5 3 3 0 2 0/0 19:31 5:54 0:00
Richard Matvichuk 0 0 0 0 0 0 0 2 0 0 0/0 11:58 0:11 3:20
Scott Gomez 0 1 1 0 2 2 3 1 1 0 17/32 17:19 4:37 0:00
Steve Bernier 1 0 1 -1 2 1 1 0 0 0 0/0 13:50 4:40 0:00
Steve McCarthy 0 0 0 1 0 2 1 2 0 0 0/0 26:25 2:53 3:47
Players Stats for Maple Leafs
Player Name G A P +/- PIM S H SB GA TA FO MP PP MP PK MP
------------------------------------------------------------------------------------
Alex Goligoski 0 1 1 -1 0 1 1 1 1 1 0/0 25:24 4:09 3:43
Andy Hilbert 0 0 0 0 0 4 0 0 0 0 0/1 9:09 0:00 2:22
Braydon Coburn 0 1 1 2 0 1 1 0 0 0 0/0 17:31 2:04 1:40
Brendan Morrison 0 0 0 0 2 3 2 0 0 1 2/8 12:49 0:00 1:18
Brett Clark 0 0 0 1 0 0 2 1 0 0 0/0 13:41 0:00 3:04
Byron Bitz 0 0 0 0 0 2 3 1 0 1 1/1 13:41 2:48 0:00
Claude Giroux 2 2 4 2 0 5 3 1 2 0 0/0 22:57 3:25 5:38
Dion Phaneuf 0 1 1 3 2 1 3 3 1 0 0/0 24:43 2:04 6:54
Dustin Penner 1 0 1 2 2 1 1 1 0 1 0/1 18:52 3:25 1:25
Jamal Mayers 0 0 0 0 0 3 1 0 0 0 0/0 10:59 0:00 0:00
Joe Corvo 0 0 0 0 2 0 0 0 2 0 0/0 9:37 0:00 0:00
Justin Abdelkader 0 0 0 0 0 1 1 0 0 0 0/0 10:59 0:00 0:00
Nils Ekman 0 0 0 0 2 0 0 1 0 0 0/0 6:24 0:00 0:00
Paul Stastny 0 0 0 0 2 1 2 1 0 0 3/4 8:37 0:00 1:33
Pierre-Marc Bouchard 0 0 0 0 0 0 1 0 0 0 11/16 16:36 2:48 2:37
Robert Nilsson 1 2 3 2 2 2 1 1 2 0 17/35 22:21 3:25 4:49
Steve Ott 0 0 0 0 0 2 2 0 0 2 0/1 13:44 2:48 0:03
Tobias Enstrom 0 0 0 -1 0 3 1 3 0 5 0/0 29:02 4:09 6:21
3 Stars
1 - Claude Giroux (Tor)
2 - Robert Nilsson (Tor)
3 - Dion Phaneuf (Tor)
Power Play
Blackhawks - 1 on 7 Attempt(s) - 14,29%
Maple Leafs - 1 on 4 Attempt(s) - 25,00%
Penalty Kill
Blackhawks - 3 on 4 Attempt(s) - 75,00%
- Score 0 goal in Penalty Kill
Maple Leafs - 6 on 7 Attempt(s) - 85,71%
- Score 0 goal in Penalty Kill
Official
Referees : Peel Tim and StPierre Justin
Linesman : Tony Sericolo and Bryan Pancich
Game Notes
Robert Nilsson has scored in a empty net!
Finance
Level 1 -- Attendance: 4283 (71,38%) -- Ticket Income 385 470 $
Level 2 -- Attendance: 4037 (80,74%) -- Ticket Income 222 035 $
Level 3 -- Attendance: 1690 (84,50%) -- Ticket Income 54 080 $
Level 4 -- Attendance: 3092 (77,30%) -- Ticket Income 61 840 $
Luxury Box -- Attendance: 693 (69,30%) -- Ticket Income 121 275 $
Game was played at the Maple Leafs Garden
Total Attendance: 13795 (76,64%)
Total Ticket Income: 844 700 $
Other Income: 126 705 $
Total Income: 971 405 $
Blackhawks
5 vs 5 Forward
Center Left Wing Right Wing Time % Phy DF OF
1 Scott Gomez Kris Versteeg Rene Bourque 40 1 2 2
2 Joe Sakic Loui Eriksson George Parros 30 1 2 2
3 Dominic Moore Hnat Domenichelli Steve Bernier 20 1 2 2
4 Jordan Staal Daniel Carcillo Colby Armstrong 10 1 2 2
5 vs 5 Defense
Defense Defense Time % Phy DF OF
1 Brent Burns Steve McCarthy 40 1 2 2
2 Chris Campoli Christian Ehrhoff 33 1 2 2
3 Richard Matvichuk Chris Campoli 15 1 2 2
4 Brent Burns Steve McCarthy 12 1 2 2
PowerPlay Forward
Center Left Wing Right Wing Time % Phy DF OF
1 Joe Sakic Kris Versteeg Rene Bourque 60 1 2 2
2 Scott Gomez Loui Eriksson Steve Bernier 40 1 2 2
PowerPlay Defense
Defense Defense Time % Phy DF OF
1 Brent Burns John Carlson 60 1 2 2
2 Christian Ehrhoff Steve McCarthy 40 1 2 2
Penalty Kill 4 Players Forward
Center Wing Time % Phy DF OF
1 Dominic Moore Colby Armstrong 60 1 2 2
2 Jordan Staal Kris Versteeg 40 1 2 2
Penalty Kill 4 Players Defense
Defense Defense Time % Phy DF OF
1 Richard Matvichuk Steve McCarthy 60 1 2 2
2 Christian Ehrhoff Brent Burns 40 1 2 2
Penalty Kill - 3 Players Forward
Forward Time % Phy DF OF
1 Dominic Moore 60 1 2 2
2 Jordan Staal 40 1 2 2
Penalty Kill - 3 Players Defense
Defense Defense Time % Phy DF OF
1 Brent Burns Steve McCarthy 60 1 2 2
2 Chris Campoli Christian Ehrhoff 40 1 2 2
4 vs 4 Forward
Center Wing Time % Phy DF OF
1 Joe Sakic Kris Versteeg 60 1 2 2
2 Scott Gomez Loui Eriksson 40 1 2 2
4 vs 4 Defense
Defense Defense Time % Phy DF OF
1 Brent Burns Christian Ehrhoff 60 1 2 2
2 Chris Campoli Steve McCarthy 40 1 2 2
Last Minutes Offensive
Center Left Wing Right Wing Defense Defense
Joe Sakic Kris Versteeg Rene Bourque Brent Burns John Carlson
Last Minutes Defensive
Center Left Wing Right Wing Defense Defense
Joe Sakic Kris Versteeg Colby Armstrong Steve McCarthy Brent Burns
Goaltenders
Starting : Roberto Luongo
Backup : Jocelyn Thibault
Extra Forwards
Normal : Steve Bernier, George Parros, Loui Eriksson - PP : Colby Armstrong, Jordan Staal - PK : Loui Eriksson
Extra Defensemen
Normal : Christian Ehrhoff, Richard Matvichuk, Chris Campoli - PP : Brent Burns - PK : Steve McCarthy, Chris Campoli
Penalty Shots
Joe Sakic, Kris Versteeg, Loui Eriksson, Scott Gomez, Rene Bourque
Maple Leafs
5 vs 5 Forward
Center Left Wing Right Wing Time % Phy DF OF
1 Robert Nilsson Dustin Penner Claude Giroux 40 1 1 3
2 Brendan Morrison Steve Ott Byron Bitz 30 1 2 2
3 Pierre-Marc Bouchard Justin Abdelkader Jamal Mayers 20 1 2 2
4 Paul Stastny Andy Hilbert Nils Ekman 10 1 2 2
5 vs 5 Defense
Defense Defense Time % Phy DF OF
1 Alex Goligoski Tobias Enstrom 40 1 3 1
2 Braydon Coburn Dion Phaneuf 30 1 2 2
3 Brett Clark Joe Corvo 20 1 2 2
4 Dion Phaneuf Tobias Enstrom 10 1 2 2
PowerPlay Forward
Center Left Wing Right Wing Time % Phy DF OF
1 Robert Nilsson Dustin Penner Claude Giroux 60 0 1 4
2 Pierre-Marc Bouchard Steve Ott Byron Bitz 40 0 2 3
PowerPlay Defense
Defense Defense Time % Phy DF OF
1 Alex Goligoski Tobias Enstrom 60 0 2 3
2 Dion Phaneuf Braydon Coburn 40 0 2 3
Penalty Kill 4 Players Forward
Center Wing Time % Phy DF OF
1 Robert Nilsson Claude Giroux 60 1 3 1
2 Pierre-Marc Bouchard Dustin Penner 40 1 3 1
Penalty Kill 4 Players Defense
Defense Defense Time % Phy DF OF
1 Dion Phaneuf Tobias Enstrom 60 1 4 0
2 Alex Goligoski Brett Clark 40 1 4 0
Penalty Kill - 3 Players Forward
Forward Time % Phy DF OF
1 Robert Nilsson 60 1 2 0
2 Pierre-Marc Bouchard 40 1 4 0
Penalty Kill - 3 Players Defense
Defense Defense Time % Phy DF OF
1 Dion Phaneuf Tobias Enstrom 60 1 4 0
2 Alex Goligoski Brett Clark 40 1 4 0
4 vs 4 Forward
Center Wing Time % Phy DF OF
1 Robert Nilsson Claude Giroux 60 1 2 2
2 Brendan Morrison Byron Bitz 40 1 2 2
4 vs 4 Defense
Defense Defense Time % Phy DF OF
1 Dion Phaneuf Tobias Enstrom 60 1 2 2
2 Alex Goligoski Brett Clark 40 1 2 2
Last Minutes Offensive
Center Left Wing Right Wing Defense Defense
Robert Nilsson Dustin Penner Claude Giroux Dion Phaneuf Tobias Enstrom
Last Minutes Defensive
Center Left Wing Right Wing Defense Defense
Robert Nilsson Dustin Penner Claude Giroux Dion Phaneuf Brett Clark
Goaltenders
Starting : Marc-André Fleury
Backup : Viktor Fasth
Extra Forwards
Normal : Byron Bitz, Pierre-Marc Bouchard, Paul Stastny - PP : Brendan Morrison, Byron Bitz - PK : Paul Stastny
Extra Defensemen
Normal : Joe Corvo, Dion Phaneuf, Tobias Enstrom - PP : Joe Corvo - PK : Dion Phaneuf, Tobias Enstrom
Penalty Shots
Claude Giroux, Robert Nilsson, Brendan Morrison, Pierre-Marc Bouchard, Andy Hilbert
% Time on Ice - Blackhawks
Lines # - Real PCT - Wanted PCT - Time Play
Normal Forward
1 - 35% - 40% - 14:48
2 - 30% - 30% - 12:26
3 - 22% - 20% - 9:13
4 - 13% - 10% - 5:36
Normal Defense
1 - 42% - 40% - 17:32
2 - 36% - 33% - 15:19
3 - 19% - 15% - 8:00
4 - 3% - 12% - 1:12
PP Forward
1 - 57% - 60% - 6:14
2 - 43% - 40% - 4:37
PP Defense
1 - 69% - 60% - 7:28
2 - 31% - 40% - 3:23
PK Forward
1 - 79% - 60% - 4:53
2 - 21% - 40% - 1:20
PK Defense
1 - 54% - 60% - 3:20
2 - 46% - 40% - 2:53
PK3 Forward
1 - 0% - 60%
2 - 0% - 40%
PK3 Defense
1 - 0% - 60%
2 - 0% - 40%
44 Forward
1 - 0% - 60%
2 - 0% - 40%
44 Defense
1 - 0% - 60%
2 - 0% - 40%
Last Minute Offensive - 0:53
Last Minute Defensive - 0:00
Total
Forward - 60:00
Defense - 60:00
|
% Time on Ice - Maple Leafs
Lines # - Real PCT - Wanted PCT - Time Play
Normal Forward
1 - 32% - 40% - 13:29
2 - 27% - 30% - 11:16
3 - 26% - 20% - 10:59
4 - 15% - 10% - 6:19
Normal Defense
1 - 43% - 40% - 18:04
2 - 32% - 30% - 13:35
3 - 23% - 20% - 9:38
4 - 2% - 10% - 0:46
PP Forward
1 - 55% - 60% - 3:25
2 - 45% - 40% - 2:48
PP Defense
1 - 67% - 60% - 4:09
2 - 33% - 40% - 2:04
PK Forward
1 - 78% - 60% - 6:55
2 - 22% - 40% - 2:00
PK Defense
1 - 75% - 60% - 6:39
2 - 25% - 40% - 2:16
PK3 Forward
1 - 72% - 60% - 1:24
2 - 28% - 40% - 0:32
PK3 Defense
1 - 59% - 60% - 1:08
2 - 41% - 40% - 0:48
44 Forward
1 - 0% - 60%
2 - 0% - 40%
44 Defense
1 - 0% - 60%
2 - 0% - 40%
Last Minute Offensive - 0:00
Last Minute Defensive - 0:53
Total
Forward - 60:00
Defense - 60:00
|
Play by Play
1st period
0:01 of 1st period - Robert Nilsson wins face-off versus Scott Gomez in neutral zone.
0:04 of 1st period - Slapshot by Tobias Enstrom.
0:04 of 1st period - Shot Hit the Post.
0:26 of 1st period - George Parros is hit by Tobias Enstrom and loses puck.
0:53 of 1st period - Snap shot by Justin Abdelkader.
0:53 of 1st period - Shot Misses the Net.
0:55 of 1st period - Slapshot by Braydon Coburn.
0:55 of 1st period - Stopped by Roberto Luongo without a rebound.
0:56 of 1st period - Paul Stastny wins face-off versus Dominic Moore in Blackhawks zone.
0:57 of 1st period - Wrist shot by Andy Hilbert.
0:57 of 1st period - Shot Misses the Net.
1:09 of 1st period - Wrist shot by Dominic Moore.
1:09 of 1st period - Stopped by Marc-André Fleury with a rebound.
1:11 of 1st period - Wrist shot by Hnat Domenichelli.
1:11 of 1st period - Deflect By Nils Ekman.
1:11 of 1st period - Shot Misses the Net.
1:11 of 1st period - Puck is out of play.
1:12 of 1st period - Robert Nilsson wins face-off versus Scott Gomez in Maple Leafs zone.
1:23 of 1st period - Snap shot by Kris Versteeg.
1:23 of 1st period - Shot Misses the Net.
1:25 of 1st period - Snap shot by Scott Gomez.
1:25 of 1st period - Shot Misses the Net.
1:37 of 1st period - Byron Bitz is hit by Chris Campoli and loses puck.
2:05 of 1st period - Jamal Mayers is hit by Hnat Domenichelli and loses puck.
2:26 of 1st period - Snap shot by Andy Hilbert.
2:26 of 1st period - Stopped by Roberto Luongo with a rebound.
2:38 of 1st period - Snap shot by Robert Nilsson.
2:38 of 1st period - Shot Blocked by Christian Ehrhoff.
2:48 of 1st period - Wrist shot by Colby Armstrong.
2:48 of 1st period - Stopped by Marc-André Fleury with a rebound.
2:50 of 1st period - Backhand shot by Chris Campoli.
2:50 of 1st period - Shot Blocked by Tobias Enstrom.
2:52 of 1st period - Slapshot by Colby Armstrong.
2:52 of 1st period - Shot Blocked by Tobias Enstrom.
2:54 of 1st period - Snap shot by Christian Ehrhoff.
2:54 of 1st period - Stopped by Marc-André Fleury without a rebound.
2:55 of 1st period - Scott Gomez wins face-off versus Brendan Morrison in Maple Leafs zone.
3:36 of 1st period - George Parros is hit by Pierre-Marc Bouchard and loses puck.
4:10 of 1st period - Wrist shot by Joe Sakic.
4:10 of 1st period - Shot Misses the Net.
4:52 of 1st period - Snap shot by Loui Eriksson.
4:52 of 1st period - Shot Misses the Net.
4:54 of 1st period - Wrist shot by Joe Sakic.
4:54 of 1st period - Stopped by Marc-André Fleury with a rebound.
4:56 of 1st period - Wrist shot by Loui Eriksson.
4:56 of 1st period - Shot Blocked by Tobias Enstrom.
4:58 of 1st period - Snap shot by Loui Eriksson.
4:58 of 1st period - Shot Misses the Net.
5:02 of 1st period - Snap shot by Joe Sakic.
5:02 of 1st period - Shot Misses the Net.
5:12 of 1st period - Wrist shot by Loui Eriksson.
5:12 of 1st period - Stopped by Marc-André Fleury without a rebound.
5:13 of 1st period - Robert Nilsson wins face-off versus Scott Gomez in Maple Leafs zone.
5:15 of 1st period - Minor Penalty to Dustin Penner for Delaying the game.
5:16 of 1st period - Colby Armstrong wins face-off versus Robert Nilsson in Maple Leafs zone.
5:47 of 1st period - Slapshot by Chris Campoli.
5:47 of 1st period - Shot Blocked by Dion Phaneuf.
6:57 of 1st period - Loui Eriksson is hit by Robert Nilsson.
7:15 of 1st period - Penalty to Dustin Penner is over, Dustin Penner is back on ice.
7:24 of 1st period - Jordan Staal is hit by Paul Stastny and loses puck.
9:10 of 1st period - George Parros is hit by Braydon Coburn and loses puck.
9:52 of 1st period - Slapshot by Andy Hilbert.
9:52 of 1st period - Stopped by Roberto Luongo with a rebound.
10:53 of 1st period - Off-side.
10:54 of 1st period - Pierre-Marc Bouchard wins face-off versus Scott Gomez in neutral zone.
10:57 of 1st period - Slapshot by Tobias Enstrom.
10:57 of 1st period - Deflect By Jamal Mayers.
10:57 of 1st period - Shot Blocked by Christian Ehrhoff.
10:57 of 1st period - Puck is out of play.
10:58 of 1st period - Scott Gomez wins face-off versus Pierre-Marc Bouchard in Blackhawks zone.
11:05 of 1st period - Wrist shot by Pierre-Marc Bouchard.
11:05 of 1st period - Shot Blocked by Rene Bourque.
11:07 of 1st period - Slapshot by Tobias Enstrom.
11:07 of 1st period - Shot Blocked by Rene Bourque.
11:09 of 1st period - Slapshot by Alex Goligoski.
11:09 of 1st period - Shot Misses the Net.
11:11 of 1st period - Snap shot by Pierre-Marc Bouchard.
11:11 of 1st period - Shot Blocked by Scott Gomez.
11:30 of 1st period - Slapshot by Robert Nilsson.
11:30 of 1st period - Shot Misses the Net.
12:06 of 1st period - Snap shot by Kris Versteeg.
12:06 of 1st period - Stopped by Marc-André Fleury without a rebound.
12:07 of 1st period - Paul Stastny wins face-off versus Scott Gomez in Maple Leafs zone.
12:37 of 1st period - Slapshot by Loui Eriksson.
12:37 of 1st period - Stopped by Marc-André Fleury with a rebound.
12:39 of 1st period - Wrist shot by Loui Eriksson.
12:39 of 1st period - Shot Blocked by Nils Ekman.
13:01 of 1st period - Dominic Moore is hit by Claude Giroux and loses puck.
13:14 of 1st period - Minor Penalty to Dominic Moore for Slashing.
13:15 of 1st period - Robert Nilsson wins face-off versus Loui Eriksson in Blackhawks zone.
13:24 of 1st period - Slapshot by Robert Nilsson.
13:24 of 1st period - Shot Misses the Net.
13:26 of 1st period - Snap shot by Claude Giroux.
13:26 of 1st period - Shot Misses the Net.
13:28 of 1st period - Wrist shot by Claude Giroux.
13:28 of 1st period - Shot Misses the Net.
13:30 of 1st period - Slapshot by Alex Goligoski.
13:30 of 1st period - Shot Misses the Net.
13:47 of 1st period - Slapshot by Dion Phaneuf.
13:47 of 1st period - Stopped by Roberto Luongo with a rebound.
15:10 of 1st period - Robert Nilsson is hit by Joe Sakic and loses puck.
15:14 of 1st period - Penalty to Dominic Moore is over, Dominic Moore is back on ice.
15:23 of 1st period - Slapshot by Dominic Moore.
15:23 of 1st period - Shot Misses the Net.
16:02 of 1st period - Dominic Moore is hit by Claude Giroux and loses puck.
16:09 of 1st period - Snap shot by Robert Nilsson.
16:09 of 1st period - Shot Misses the Net.
16:11 of 1st period - Snap shot by Robert Nilsson.
16:11 of 1st period - Shot Misses the Net.
16:21 of 1st period - Wrist shot by Robert Nilsson.
16:21 of 1st period - Shot Misses the Net.
16:23 of 1st period - Slapshot by Tobias Enstrom.
16:23 of 1st period - Stopped by Roberto Luongo with a rebound.
16:55 of 1st period - Wrist shot by Robert Nilsson.
16:55 of 1st period - Shot Blocked by Christian Ehrhoff.
16:57 of 1st period - Wrist shot by Claude Giroux.
16:57 of 1st period - Stopped by Roberto Luongo without a rebound.
16:58 of 1st period - Scott Gomez wins face-off versus Brendan Morrison in Blackhawks zone.
16:58 of 1st period - Scott Gomez is hit by Brendan Morrison.
17:05 of 1st period - Minor Penalty to Brendan Morrison for Hooking.
17:06 of 1st period - Pierre-Marc Bouchard wins face-off versus Scott Gomez in Maple Leafs zone.
17:08 of 1st period - Minor Penalty to Paul Stastny for Hooking.
17:09 of 1st period - Pierre-Marc Bouchard wins face-off versus Scott Gomez in Maple Leafs zone.
17:58 of 1st period - Kris Versteeg is hit by Brett Clark and loses puck.
18:18 of 1st period - Dion Phaneuf is hit by Rene Bourque and loses puck.
18:33 of 1st period - Wrist shot by Rene Bourque.
18:33 of 1st period - Stopped by Marc-André Fleury without a rebound.
18:34 of 1st period - Scott Gomez wins face-off versus Andy Hilbert in Maple Leafs zone.
19:05 of 1st period - Penalty to Brendan Morrison is over, Brendan Morrison is back on ice.
19:08 of 1st period - Penalty to Paul Stastny is over, Paul Stastny is back on ice.
19:43 of 1st period - Snap shot by Andy Hilbert.
19:43 of 1st period - Stopped by Roberto Luongo with a rebound.
19:45 of 1st period - Slapshot by Joe Corvo.
19:45 of 1st period - Shot Misses the Net.
Goals for this period are 0 for Blackhawks vs 0 for Maple Leafs.
Shots for this period are 8 for Blackhawks vs 7 for Maple Leafs.
2nd period
0:01 of 2nd period - Scott Gomez wins face-off versus Robert Nilsson in neutral zone.
0:12 of 2nd period - Icing by Tobias Enstrom.
0:13 of 2nd period - Scott Gomez wins face-off versus Robert Nilsson in Maple Leafs zone.
0:14 of 2nd period - Slapshot by Kris Versteeg.
0:14 of 2nd period - Shot Blocked by Dustin Penner.
0:45 of 2nd period - Wrist shot by George Parros.
0:45 of 2nd period - Deflect By Loui Eriksson.
0:45 of 2nd period - Shot Misses the Net.
0:45 of 2nd period - Puck is out of play.
0:46 of 2nd period - Scott Gomez wins face-off versus Brendan Morrison in Maple Leafs zone.
0:47 of 2nd period - Wrist shot by Kris Versteeg.
0:47 of 2nd period - Deflect By Rene Bourque.
0:47 of 2nd period - Stopped by Marc-André Fleury without a rebound.
0:48 of 2nd period - Scott Gomez wins face-off versus Brendan Morrison in Maple Leafs zone.
1:25 of 2nd period - Snap shot by George Parros.
1:25 of 2nd period - Shot Misses the Net.
1:35 of 2nd period - Steve Bernier is hit by Justin Abdelkader and loses puck.
1:53 of 2nd period - Minor Penalty to Joe Corvo for Tripping.
1:54 of 2nd period - Robert Nilsson wins face-off versus Joe Sakic in Maple Leafs zone.
2:03 of 2nd period - Slapshot by Joe Sakic.
2:03 of 2nd period - Shot Blocked by Dion Phaneuf.
2:27 of 2nd period - Pierre-Marc Bouchard is hit by Scott Gomez.
2:32 of 2nd period - Off-side.
2:33 of 2nd period - Robert Nilsson wins face-off versus Joe Sakic in neutral zone.
2:46 of 2nd period - Wrist shot by Joe Sakic.
2:46 of 2nd period - Deflect By Rene Bourque.
2:46 of 2nd period - Stopped by Marc-André Fleury with a rebound.
2:48 of 2nd period - Snap shot by Steve McCarthy.
2:48 of 2nd period - Stopped by Marc-André Fleury without a rebound.
2:49 of 2nd period - Kris Versteeg wins face-off versus Robert Nilsson in Maple Leafs zone.
3:53 of 2nd period - Penalty to Joe Corvo is over, Joe Corvo is back on ice.
4:59 of 2nd period - Wrist shot by Claude Giroux.
4:59 of 2nd period - Shot Blocked by Richard Matvichuk.
5:21 of 2nd period - Wrist shot by Daniel Carcillo.
5:21 of 2nd period - Stopped by Marc-André Fleury without a rebound.
5:22 of 2nd period - Pierre-Marc Bouchard wins face-off versus Jordan Staal in Maple Leafs zone.
5:37 of 2nd period - Snap shot by Jordan Staal.
5:37 of 2nd period - Stopped by Marc-André Fleury without a rebound.
5:38 of 2nd period - Joe Sakic wins face-off versus Robert Nilsson in Maple Leafs zone.
5:43 of 2nd period - Icing by Dustin Penner.
5:44 of 2nd period - Robert Nilsson wins face-off versus Joe Sakic in Maple Leafs zone.
5:44 of 2nd period - Dustin Penner is hit by Loui Eriksson and loses puck.
5:54 of 2nd period - Minor Penalty to Christian Ehrhoff for Holding.
5:55 of 2nd period - Dominic Moore wins face-off versus Robert Nilsson in Blackhawks zone.
6:27 of 2nd period - Alex Goligoski is hit by Steve McCarthy.
6:30 of 2nd period - Icing by Pierre-Marc Bouchard.
6:31 of 2nd period - Pierre-Marc Bouchard wins face-off versus Dominic Moore in Maple Leafs zone.
6:49 of 2nd period - Wrist shot by Pierre-Marc Bouchard.
6:49 of 2nd period - Shot Misses the Net.
6:51 of 2nd period - Slapshot by Steve Ott.
6:51 of 2nd period - Shot Misses the Net.
6:53 of 2nd period - Slapshot by Tobias Enstrom.
6:53 of 2nd period - Shot Misses the Net.
6:57 of 2nd period - Slapshot by Steve Ott.
6:57 of 2nd period - Deflect By Pierre-Marc Bouchard.
6:57 of 2nd period - Shot Misses the Net.
6:57 of 2nd period - Puck is out of play.
6:58 of 2nd period - Robert Nilsson wins face-off versus Dominic Moore in Blackhawks zone.
6:59 of 2nd period - Slapshot by Claude Giroux.
6:59 of 2nd period - Stopped by Roberto Luongo with a rebound.
7:01 of 2nd period - Snap shot by Dion Phaneuf.
7:01 of 2nd period - Shot Misses the Net.
7:54 of 2nd period - Penalty to Christian Ehrhoff is over, Christian Ehrhoff is back on ice.
8:09 of 2nd period - Snap shot by Andy Hilbert.
8:09 of 2nd period - Stopped by Roberto Luongo without a rebound.
8:10 of 2nd period - George Parros wins face-off versus Paul Stastny in Blackhawks zone.
8:25 of 2nd period - Slapshot by George Parros.
8:25 of 2nd period - Shot Blocked by Paul Stastny.
8:34 of 2nd period - Off-side.
8:35 of 2nd period - Scott Gomez wins face-off versus Steve Ott in neutral zone.
8:40 of 2nd period - Brendan Morrison is hit by Scott Gomez and loses puck.
9:05 of 2nd period - Wrist shot by George Parros.
9:05 of 2nd period - Stopped by Marc-André Fleury without a rebound.
9:06 of 2nd period - Joe Sakic wins face-off versus Robert Nilsson in Maple Leafs zone.
9:41 of 2nd period - Snap shot by Kris Versteeg.
9:41 of 2nd period - Shot Blocked by Dion Phaneuf.
9:43 of 2nd period - Slapshot by Rene Bourque.
9:43 of 2nd period - Shot Blocked by Byron Bitz.
9:49 of 2nd period - Minor Penalty to Dion Phaneuf for Hooking.
9:50 of 2nd period - Joe Sakic wins face-off versus Robert Nilsson in Maple Leafs zone.
10:14 of 2nd period - Icing by Kris Versteeg.
10:15 of 2nd period - Robert Nilsson wins face-off versus Joe Sakic in Blackhawks zone.
10:38 of 2nd period - Wrist shot by Loui Eriksson.
10:38 of 2nd period - Stopped by Marc-André Fleury with a rebound.
10:40 of 2nd period - Slapshot by John Carlson.
10:40 of 2nd period - Shot Blocked by Robert Nilsson.
10:42 of 2nd period - Snap shot by Steve Bernier.
10:42 of 2nd period - Goal by Steve Bernier - Blackhawks : 1 - Maple Leafs : 0.
10:43 of 2nd period - Brendan Morrison wins face-off versus Scott Gomez in neutral zone.
10:50 of 2nd period - Slapshot by Byron Bitz.
10:50 of 2nd period - Shot Blocked by Rene Bourque.
11:18 of 2nd period - Chris Campoli is hit by Alex Goligoski and loses puck.
12:45 of 2nd period - Snap shot by Colby Armstrong.
12:45 of 2nd period - Stopped by Marc-André Fleury without a rebound.
12:46 of 2nd period - Scott Gomez wins face-off versus Pierre-Marc Bouchard in Maple Leafs zone.
12:53 of 2nd period - Wrist shot by Rene Bourque.
12:53 of 2nd period - Stopped by Marc-André Fleury without a rebound.
12:54 of 2nd period - Scott Gomez wins face-off versus Robert Nilsson in Maple Leafs zone.
13:07 of 2nd period - Kris Versteeg is hit by Claude Giroux and loses puck.
14:48 of 2nd period - Wrist shot by Brendan Morrison.
14:48 of 2nd period - Stopped by Roberto Luongo without a rebound.
14:49 of 2nd period - Joe Sakic wins face-off versus Brendan Morrison in Blackhawks zone.
14:49 of 2nd period - Joe Sakic is hit by Byron Bitz.
14:59 of 2nd period - Wrist shot by Brendan Morrison.
14:59 of 2nd period - Stopped by Roberto Luongo without a rebound.
15:00 of 2nd period - Scott Gomez wins face-off versus Dustin Penner in Blackhawks zone.
15:07 of 2nd period - Slapshot by Brent Burns.
15:07 of 2nd period - Deflect By Kris Versteeg.
15:07 of 2nd period - Shot Misses the Net.
15:07 of 2nd period - Puck is out of play.
15:08 of 2nd period - Robert Nilsson wins face-off versus Scott Gomez in Maple Leafs zone.
15:10 of 2nd period - Icing by Claude Giroux.
15:11 of 2nd period - Scott Gomez wins face-off versus Robert Nilsson in Maple Leafs zone.
15:42 of 2nd period - Slapshot by Brendan Morrison.
15:42 of 2nd period - Shot Misses the Net.
15:44 of 2nd period - Snap shot by Brendan Morrison.
15:44 of 2nd period - Shot Misses the Net.
15:46 of 2nd period - Slapshot by Alex Goligoski.
15:46 of 2nd period - Stopped by Roberto Luongo with a rebound.
15:48 of 2nd period - Slapshot by Brendan Morrison.
15:48 of 2nd period - Shot Misses the Net.
16:11 of 2nd period - Snap shot by George Parros.
16:11 of 2nd period - Shot Misses the Net.
16:51 of 2nd period - Slapshot by Claude Giroux.
16:51 of 2nd period - Shot Misses the Net.
16:53 of 2nd period - Slapshot by Dustin Penner.
16:53 of 2nd period - Goal by Dustin Penner - Blackhawks : 1 - Maple Leafs : 1.
16:54 of 2nd period - Robert Nilsson wins face-off versus Scott Gomez in neutral zone.
16:57 of 2nd period - Slapshot by Alex Goligoski.
16:57 of 2nd period - Shot Blocked by Chris Campoli.
17:19 of 2nd period - Hnat Domenichelli is hit by Brendan Morrison and loses puck.
17:26 of 2nd period - Tobias Enstrom is hit by Steve Bernier and loses puck.
17:45 of 2nd period - Snap shot by Justin Abdelkader.
17:45 of 2nd period - Shot Misses the Net.
17:47 of 2nd period - Slapshot by Dion Phaneuf.
17:47 of 2nd period - Shot Misses the Net.
18:03 of 2nd period - Wrist shot by George Parros.
18:03 of 2nd period - Shot Misses the Net.
18:05 of 2nd period - Snap shot by Loui Eriksson.
18:05 of 2nd period - Stopped by Marc-André Fleury with a rebound.
18:07 of 2nd period - Slapshot by Steve McCarthy.
18:07 of 2nd period - Stopped by Marc-André Fleury with a rebound.
18:09 of 2nd period - Snap shot by Joe Sakic.
18:09 of 2nd period - Shot Misses the Net.
18:25 of 2nd period - Snap shot by Claude Giroux.
18:25 of 2nd period - Goal by Claude Giroux - Blackhawks : 1 - Maple Leafs : 2.
18:26 of 2nd period - Robert Nilsson wins face-off versus Scott Gomez in neutral zone.
19:17 of 2nd period - Snap shot by Jamal Mayers.
19:17 of 2nd period - Stopped by Roberto Luongo without a rebound.
19:18 of 2nd period - Pierre-Marc Bouchard wins face-off versus Joe Sakic in Blackhawks zone.
19:33 of 2nd period - Pierre-Marc Bouchard is hit by George Parros and loses puck.
19:38 of 2nd period - Backhand shot by Joe Sakic.
19:38 of 2nd period - Stopped by Marc-André Fleury with a rebound.
19:40 of 2nd period - Snap shot by Steve McCarthy.
19:40 of 2nd period - Deflect By Loui Eriksson.
19:40 of 2nd period - Deflect By Pierre-Marc Bouchard.
19:40 of 2nd period - Stopped by Marc-André Fleury with a rebound.
19:53 of 2nd period - Wrist shot by Jamal Mayers.
19:53 of 2nd period - Stopped by Roberto Luongo without a rebound.
19:54 of 2nd period - Scott Gomez wins face-off versus Robert Nilsson in Blackhawks zone.
Goals for this period are 1 for Blackhawks vs 2 for Maple Leafs.
Shots for this period are 14 for Blackhawks vs 9 for Maple Leafs.
3rd period
0:01 of 3rd period - Scott Gomez wins face-off versus Robert Nilsson in neutral zone.
0:04 of 3rd period - Snap shot by Scott Gomez.
0:04 of 3rd period - Stopped by Marc-André Fleury without a rebound.
0:05 of 3rd period - Kris Versteeg wins face-off versus Robert Nilsson in Maple Leafs zone.
0:08 of 3rd period - Slapshot by Kris Versteeg.
0:08 of 3rd period - Stopped by Marc-André Fleury with a rebound.
0:10 of 3rd period - Backhand shot by Rene Bourque.
0:10 of 3rd period - Goal by Rene Bourque - Blackhawks : 2 - Maple Leafs : 2.
0:11 of 3rd period - Robert Nilsson wins face-off versus Scott Gomez in neutral zone.
0:18 of 3rd period - Dustin Penner is hit by Scott Gomez and loses puck.
0:46 of 3rd period - Minor Penalty to Steve Bernier for High sticking.
0:47 of 3rd period - Dominic Moore wins face-off versus Robert Nilsson in Blackhawks zone.
1:03 of 3rd period - Snap shot by Claude Giroux.
1:03 of 3rd period - Shot Blocked by Steve McCarthy.
1:17 of 3rd period - Steve McCarthy is hit by Byron Bitz and loses puck.
1:22 of 3rd period - Slapshot by Tobias Enstrom.
1:22 of 3rd period - Shot Misses the Net.
2:46 of 3rd period - Penalty to Steve Bernier is over, Steve Bernier is back on ice.
2:55 of 3rd period - Paul Stastny is hit by Brent Burns and loses puck.
4:19 of 3rd period - Braydon Coburn is hit by Joe Sakic and loses puck.
4:32 of 3rd period - Rene Bourque is hit by Steve Ott.
4:49 of 3rd period - Icing by Pierre-Marc Bouchard.
4:50 of 3rd period - Dominic Moore wins face-off versus Pierre-Marc Bouchard in Maple Leafs zone.
5:20 of 3rd period - Claude Giroux is hit by George Parros and loses puck.
5:42 of 3rd period - Steve Ott is hit by Brent Burns and loses puck.
5:49 of 3rd period - Steve Ott is hit by Rene Bourque and loses puck.
6:08 of 3rd period - Snap shot by Nils Ekman.
6:08 of 3rd period - Shot Blocked by Chris Campoli.
6:30 of 3rd period - Steve Bernier is hit by Dustin Penner and loses puck.
6:41 of 3rd period - Rene Bourque is hit by Jamal Mayers and loses puck.
6:58 of 3rd period - Byron Bitz is hit by Joe Sakic.
7:02 of 3rd period - Brent Burns is hit by Byron Bitz and loses puck.
7:18 of 3rd period - Minor Penalty to Nils Ekman for Hooking.
7:19 of 3rd period - Joe Sakic wins face-off versus Robert Nilsson in Maple Leafs zone.
7:24 of 3rd period - Slapshot by Joe Sakic.
7:24 of 3rd period - Stopped by Marc-André Fleury without a rebound.
7:25 of 3rd period - Robert Nilsson wins face-off versus Joe Sakic in Maple Leafs zone.
7:34 of 3rd period - Snap shot by Rene Bourque.
7:34 of 3rd period - Shot Blocked by Claude Giroux.
7:36 of 3rd period - Snap shot by Joe Sakic.
7:36 of 3rd period - Shot Misses the Net.
7:56 of 3rd period - Wrist shot by Loui Eriksson.
7:56 of 3rd period - Shot Blocked by Alex Goligoski.
7:58 of 3rd period - Snap shot by Scott Gomez.
7:58 of 3rd period - Shot Misses the Net.
8:00 of 3rd period - Snap shot by Scott Gomez.
8:00 of 3rd period - Deflect By Loui Eriksson.
8:00 of 3rd period - Shot Blocked by Brett Clark.
8:00 of 3rd period - Puck is out of play.
8:01 of 3rd period - Pierre-Marc Bouchard wins face-off versus Scott Gomez in Maple Leafs zone.
8:12 of 3rd period - Backhand shot by Loui Eriksson.
8:12 of 3rd period - Shot Misses the Net.
8:14 of 3rd period - Snap shot by Scott Gomez.
8:14 of 3rd period - Shot Misses the Net.
9:08 of 3rd period - John Carlson is hit by Brett Clark and loses puck.
9:18 of 3rd period - Penalty to Nils Ekman is over, Nils Ekman is back on ice.
9:27 of 3rd period - Jordan Staal is hit by Dion Phaneuf and loses puck.
9:36 of 3rd period - Byron Bitz is hit by Daniel Carcillo and loses puck.
9:58 of 3rd period - Snap shot by Paul Stastny.
9:58 of 3rd period - Stopped by Roberto Luongo without a rebound.
9:59 of 3rd period - Brendan Morrison wins face-off versus Joe Sakic in Blackhawks zone.
10:02 of 3rd period - Snap shot by Alex Goligoski.
10:02 of 3rd period - Shot Misses the Net.
10:04 of 3rd period - Backhand shot by Tobias Enstrom.
10:04 of 3rd period - Deflect By Steve Ott.
10:04 of 3rd period - Stopped by Roberto Luongo with a rebound.
10:06 of 3rd period - Snap shot by Brendan Morrison.
10:06 of 3rd period - Stopped by Roberto Luongo with a rebound.
10:08 of 3rd period - Slapshot by Steve Ott.
10:08 of 3rd period - Stopped by Roberto Luongo with a rebound.
10:10 of 3rd period - Slapshot by Tobias Enstrom.
10:10 of 3rd period - Stopped by Roberto Luongo without a rebound.
10:11 of 3rd period - Robert Nilsson wins face-off versus Scott Gomez in Blackhawks zone.
10:27 of 3rd period - Minor Penalty to Robert Nilsson for Interference.
10:28 of 3rd period - Paul Stastny wins face-off versus Joe Sakic in Maple Leafs zone.
10:34 of 3rd period - John Carlson is hit by Paul Stastny and loses puck.
12:09 of 3rd period - Joe Sakic is hit by Dion Phaneuf and loses puck.
12:27 of 3rd period - Penalty to Robert Nilsson is over, Robert Nilsson is back on ice.
12:37 of 3rd period - Wrist shot by Robert Nilsson.
12:37 of 3rd period - Shot Misses the Net.
12:39 of 3rd period - Slapshot by Andy Hilbert.
12:39 of 3rd period - Shot Blocked by Chris Campoli.
12:41 of 3rd period - Wrist shot by Robert Nilsson.
12:41 of 3rd period - Shot Misses the Net.
12:54 of 3rd period - Slapshot by Robert Nilsson.
12:54 of 3rd period - Stopped by Roberto Luongo without a rebound.
12:55 of 3rd period - Pierre-Marc Bouchard wins face-off versus Dominic Moore in Blackhawks zone.
13:20 of 3rd period - Snap shot by Claude Giroux.
13:20 of 3rd period - Stopped by Roberto Luongo without a rebound.
13:21 of 3rd period - Scott Gomez wins face-off versus Robert Nilsson in Blackhawks zone.
13:28 of 3rd period - Snap shot by Scott Gomez.
13:28 of 3rd period - Shot Misses the Net.
13:35 of 3rd period - Off-side.
13:36 of 3rd period - Pierre-Marc Bouchard wins face-off versus Scott Gomez in neutral zone.
13:51 of 3rd period - Slapshot by Scott Gomez.
13:51 of 3rd period - Stopped by Marc-André Fleury with a rebound.
14:29 of 3rd period - Icing by Christian Ehrhoff.
14:30 of 3rd period - Dominic Moore wins face-off versus Brendan Morrison in Blackhawks zone.
14:30 of 3rd period - Dominic Moore is hit by Steve Ott.
14:46 of 3rd period - Snap shot by Byron Bitz.
14:46 of 3rd period - Stopped by Roberto Luongo without a rebound.
14:47 of 3rd period - Scott Gomez wins face-off versus Robert Nilsson in Blackhawks zone.
14:47 of 3rd period - Scott Gomez is hit by Dion Phaneuf.
14:50 of 3rd period - Minor Penalty to Scott Gomez for Tripping.
14:51 of 3rd period - Dominic Moore wins face-off versus Robert Nilsson in Blackhawks zone.
15:02 of 3rd period - Snap shot by Alex Goligoski.
15:02 of 3rd period - Shot Blocked by Richard Matvichuk.
15:04 of 3rd period - Wrist shot by Claude Giroux.
15:04 of 3rd period - Shot Misses the Net.
15:06 of 3rd period - Snap shot by Claude Giroux.
15:06 of 3rd period - Goal by Claude Giroux - Blackhawks : 2 - Maple Leafs : 3.
15:07 of 3rd period - Dominic Moore wins face-off versus Pierre-Marc Bouchard in neutral zone.
15:32 of 3rd period - Claude Giroux is hit by Rene Bourque and loses puck.
16:01 of 3rd period - Snap shot by Joe Sakic.
16:01 of 3rd period - Deflect By George Parros.
16:01 of 3rd period - Stopped by Marc-André Fleury without a rebound.
16:02 of 3rd period - Pierre-Marc Bouchard wins face-off versus Dominic Moore in Maple Leafs zone.
16:29 of 3rd period - Claude Giroux is hit by Chris Campoli and loses puck.
16:52 of 3rd period - Slapshot by Byron Bitz.
16:52 of 3rd period - Stopped by Roberto Luongo without a rebound.
16:53 of 3rd period - Byron Bitz wins face-off versus Dominic Moore in Blackhawks zone.
17:51 of 3rd period - Snap shot by Jamal Mayers.
17:51 of 3rd period - Stopped by Roberto Luongo without a rebound.
17:52 of 3rd period - Hnat Domenichelli wins face-off versus Pierre-Marc Bouchard in Blackhawks zone.
18:08 of 3rd period - Snap shot by Dominic Moore.
18:08 of 3rd period - Stopped by Marc-André Fleury with a rebound.
18:34 of 3rd period - Snap shot by Alex Goligoski.
18:34 of 3rd period - Shot Misses the Net.
18:36 of 3rd period - Slapshot by Justin Abdelkader.
18:36 of 3rd period - Shot Blocked by Steve McCarthy.
18:38 of 3rd period - Slapshot by Tobias Enstrom.
18:38 of 3rd period - Stopped by Roberto Luongo with a rebound.
18:40 of 3rd period - Snap shot by Justin Abdelkader.
18:40 of 3rd period - Stopped by Roberto Luongo with a rebound.
18:44 of 3rd period - Wrist shot by Pierre-Marc Bouchard.
18:44 of 3rd period - Deflect By Jamal Mayers.
18:44 of 3rd period - Shot Blocked by Brent Burns.
18:44 of 3rd period - Puck is out of play.
18:45 of 3rd period - Mike Babcock call a timeout for Blackhawks.
18:45 of 3rd period - Robert Nilsson wins face-off versus Joe Sakic in Blackhawks zone.
19:04 of 3rd period - Blackhawks, Roberto Luongo is pulled from the net.
19:24 of 3rd period - Snap shot by Joe Sakic.
19:24 of 3rd period - Stopped by Marc-André Fleury with a rebound.
19:27 of 3rd period - Icing by Brett Clark.
19:28 of 3rd period - Robert Nilsson wins face-off versus Joe Sakic in Maple Leafs zone.
19:37 of 3rd period - Snap shot by Robert Nilsson.
19:37 of 3rd period - Goal by Robert Nilsson - Blackhawks : 2 - Maple Leafs : 4.
19:37 of 3rd period - Roberto Luongo from Blackhawks was sent back in the game.
19:38 of 3rd period - Pierre-Marc Bouchard wins face-off versus Dominic Moore in neutral zone.
Goals for this period are 1 for Blackhawks vs 2 for Maple Leafs.
Shots for this period are 8 for Blackhawks vs 14 for Maple Leafs.
Output by the SimonT Hockey Simulator (STHS) for François Prévost -- Original Page W3C XHTML 1.0 Valid